SAA
YAKIMA HOPS @ BILOXI SHUCKERS
08/08/2037
 
TOP OF THE 1ST
Yakima Hops batting - Pitching for Biloxi Shuckers : RHP Wilford Barnes
Pitching: RHP Wilford Barnes
Batting: RHB Roger Campbell 0-0: Ball
1-0: Called Strike
1-1: Foul Ball, location: 2F
1-2: Ball
2-2: Foul Ball, location: 2F
2-2: Ball
3-2: Fly out, F8 (Flyball, 8RD, EV 91.9 MPH)
Batting: SHB Rafael Bregonzi 0-0: Ball
1-0: Ball
2-0: Ball
3-0: Called Strike
3-1: Foul Ball, location: 2F
3-2: Base on Balls
Batting: RHB Tony Hernández 0-0: Ball
1-0: Called Strike
1-1: Grounds into double play, 5-4-3 (Groundball, 5L, EV 86.2 MPH)
Top of the 1st over - 0 runs, 0 hits, 0 errors, 0 left on base; Yakima 0 - Biloxi 0
BOTTOM OF THE 1ST
Biloxi Shuckers batting - Pitching for Yakima Hops : LHP Mark Garrett
Pitching: LHP Mark Garrett
Batting: RHB Ed Roth 0-0: Ball
1-0: Foul Ball, location: 2F
1-1: Ball
2-1: Swinging Strike
2-2: Foul Ball, location: 2F
2-2: Foul Ball, location: 2F
2-2: Ground out 6-3 (Groundball, 6, EV 100.6 MPH)
Batting: RHB Modesto Barreiro 0-0: Called Strike
0-1: Ball
1-1: Ground out 1-3 (Groundball, 34S, EV 69.4 MPH)
Batting: RHB Iiri Haapajarvi 0-0: Ball
1-0: Fly out, F7 (Flyball, 78XD, EV 95.0 MPH)
Bottom of the 1st over - 0 runs, 0 hits, 0 errors, 0 left on base; Yakima 0 - Biloxi 0
TOP OF THE 2ND
Yakima Hops batting - Pitching for Biloxi Shuckers : RHP Wilford Barnes
Batting: LHB Juan Arellano 0-0: Ball
1-0: Foul Ball, location: 2F
1-1: Ball
2-1: Ball
3-1: Swinging Strike
3-2: Foul Ball, location: 2F
3-2: Fly out, F7 (Flyball, 78XD, EV 89.4 MPH)
Batting: RHB Cornelius Adkison 0-0: Fly out, F7 (Flyball, 7LS, EV 82.5 MPH)
Batting: LHB Armando Cedeño 0-0: Ball
1-0: Called Strike
1-1: Foul Ball, location: 2F
1-2: Ball
2-2: DOUBLE (Line Drive, 9LD, EV 106.9 MPH)
Batting: RHB Jim McMahon 0-0: Ball
1-0: Called Strike
1-1: Ball
2-1: Fly out, F8 (Flyball, 8RD, EV 105.0 MPH)
Top of the 2nd over - 0 runs, 1 hit, 0 errors, 1 left on base; Yakima 0 - Biloxi 0
BOTTOM OF THE 2ND
Biloxi Shuckers batting - Pitching for Yakima Hops : LHP Mark Garrett
Batting: LHB Seb Blanch 0-0: Fly out, F8 (Flyball, 8RD, EV 107.5 MPH)
Batting: RHB Jesús Capmany 0-0: Ball
1-0: Fly out, F9 (Flyball, 9S, EV 88.1 MPH)
Batting: RHB Manuel Sy 0-0: Called Strike
0-1: Ball
1-1: Ball
2-1: Foul Ball, location: 2F
2-2: Foul Ball, location: 2F
2-2: SINGLE (Flyball, 7LS, EV 93.8 MPH)
Batting: RHB Adam Jensson 0-0: Ball
1-0: Ball
2-0: Fielders Choice at 2nd, 6-4 (Groundball, 6, EV 104.4 MPH)
Bottom of the 2nd over - 0 runs, 1 hit, 0 errors, 1 left on base; Yakima 0 - Biloxi 0
TOP OF THE 3RD
Yakima Hops batting - Pitching for Biloxi Shuckers : RHP Wilford Barnes
Batting: SHB Sean Reinhard 0-0: Called Strike
0-1: Foul Ball, location: 2F
0-2: Ground out U3 (Groundball, 3L, EV 95.0 MPH)
Batting: RHB Jim Herries 0-0: Fly out, F9 (Flyball, 89M, EV 86.9 MPH)
Batting: RHB Roger Campbell 0-0: Foul Ball, location: 2F
0-1: Called Strike
0-2: Ball
1-2: Ball
2-2: Strikes out swinging
Top of the 3rd over - 0 runs, 0 hits, 0 errors, 0 left on base; Yakima 0 - Biloxi 0
BOTTOM OF THE 3RD
Biloxi Shuckers batting - Pitching for Yakima Hops : LHP Mark Garrett
Batting: RHB Arthur Cook 0-0: SINGLE (Groundball, 3, EV 93.8 MPH) (infield hit)
Batting: RHB Bobson Dugnutt 0-0: Ball
1-0: Ball
2-0: Called Strike
2-1: Foul Ball, location: 2F
2-2: Foul Ball, location: 2F
2-2: Strikes out looking
Batting: RHB Ed Roth 0-0: Ball
1-0: Ball
Arthur Cook is caught stealing 2nd base 2-4
2-0: Foul Ball, location: 2F
2-1: Foul Ball, location: 2F
2-2: Strikes out swinging
Bottom of the 3rd over - 0 runs, 1 hit, 0 errors, 0 left on base; Yakima 0 - Biloxi 0
TOP OF THE 4TH
Yakima Hops batting - Pitching for Biloxi Shuckers : RHP Wilford Barnes
Batting: SHB Rafael Bregonzi 0-0: Ball
1-0: Fly out, F8 (Line Drive, 8LM, EV 111.2 MPH)
Batting: RHB Tony Hernández 0-0: SINGLE (Flyball, 9LS, EV 92.5 MPH)
Batting: LHB Juan Arellano 0-0: Ball
1-0: Called Strike
Tony Hernández steals 2nd base
1-1: Called Strike
1-2: Fly out, F7 (Flyball, 7LMF, EV 100.6 MPH)
Batting: RHB Cornelius Adkison 0-0: Ball
1-0: Ball
2-0: 2-RUN HOME RUN (Flyball, 7D, EV 107.5 MPH), Distance : 376 ft
Batting: LHB Armando Cedeño 0-0: Called Strike
0-1: Swinging Strike
0-2: SINGLE (Line Drive, 6D, EV 94.4 MPH)
Batting: RHB Jim McMahon 0-0: SINGLE (Line Drive, 8RS, EV 100.6 MPH)
Armando Cedeño to second
Runner from 2nd tries for 3rd, SAFE, throw by CF made to third
Now in CF: Matsu Yoshida
Batting: SHB Sean Reinhard 0-0: Ball
1-0: Fly out, F4 (Line Drive, 4, EV 68.8 MPH)
Top of the 4th over - 2 runs, 4 hits, 0 errors, 2 left on base; Yakima 2 - Biloxi 0
BOTTOM OF THE 4TH
Biloxi Shuckers batting - Pitching for Yakima Hops : LHP Mark Garrett
Batting: RHB Modesto Barreiro 0-0: Ball
1-0: Ground out 1-3 (Groundball, 13S, EV 62.5 MPH)
Batting: LHB Matsu Yoshida 0-0: Ball
1-0: Foul Ball, location: 2F
1-1: Ground out 4-3 (Groundball, 34, EV 83.1 MPH)
Batting: LHB Seb Blanch 0-0: Ball
1-0: Called Strike
1-1: Ball
2-1: Foul Ball, location: 2F
2-2: Ball
3-2: SINGLE (Flyball, 8RS, EV 96.2 MPH)
Batting: RHB Jesús Capmany 0-0: Ball
1-0: Called Strike
1-1: Ball
2-1: Fly out, F8 (Line Drive, 8RM, EV 90.0 MPH)
Bottom of the 4th over - 0 runs, 1 hit, 0 errors, 1 left on base; Yakima 2 - Biloxi 0
TOP OF THE 5TH
Yakima Hops batting - Pitching for Biloxi Shuckers : RHP Wilford Barnes
Batting: RHB Jim Herries 0-0: Ball
1-0: Called Strike
1-1: Swinging Strike
1-2: Foul Ball, location: 2F
1-2: Fly out, F6 (Popup, 4S, EV 80.6 MPH)
Batting: RHB Roger Campbell 0-0: Ball
1-0: Ball
2-0: Ball
3-0: Base on Balls
Batting: SHB Rafael Bregonzi 0-0: Ball
1-0: Ball
2-0: Ball
3-0: Called Strike
3-1: SINGLE (Groundball, 6MD, EV 103.1 MPH)
Roger Campbell to second
Runner from 2nd tries for 3rd, SAFE, no throw by CF
Batting: RHB Tony Hernández 0-0: Foul Ball, location: 2F
0-1: Ball
1-1: Foul Ball, location: 2F
1-2: Ball
2-2: Foul Ball, location: 2F
2-2: Ball
3-2: Foul Ball, location: 2F
3-2: SINGLE (Line Drive, 34D, EV 95.6 MPH)
Roger Campbell scores
Rafael Bregonzi to second
Runner from 2nd tries for 3rd, SAFE, no throw by RF
Batting: LHB Juan Arellano 0-0: Ball
1-0: Grounds into double play, 6-4-3 (Groundball, 6, EV 101.9 MPH)
Top of the 5th over - 1 run, 2 hits, 0 errors, 1 left on base; Yakima 3 - Biloxi 0
BOTTOM OF THE 5TH
Biloxi Shuckers batting - Pitching for Yakima Hops : LHP Mark Garrett
Batting: RHB Manuel Sy 0-0: Ball
1-0: Swinging Strike
1-1: Swinging Strike
1-2: Ball
2-2: Fly out, F9 (Flyball, 9S, EV 83.8 MPH)
Batting: RHB Adam Jensson 0-0: Ball
1-0: Called Strike
1-1: Ball
2-1: Fly out, F4 (Popup, 34S, EV 81.2 MPH)
Batting: RHB Arthur Cook 0-0: Called Strike
0-1: Fly out, F6 (Line Drive, 6, EV 70.6 MPH)
Bottom of the 5th over - 0 runs, 0 hits, 0 errors, 0 left on base; Yakima 3 - Biloxi 0
TOP OF THE 6TH
Yakima Hops batting - Pitching for Biloxi Shuckers : RHP Wilford Barnes
Batting: RHB Cornelius Adkison 0-0: Foul Ball, location: 2F
0-1: Ball
1-1: Ball
2-1: Fly out, F7 (Line Drive, 7, EV 101.2 MPH)
Batting: LHB Armando Cedeño 0-0: Called Strike
0-1: Ball
1-1: SINGLE (Groundball, 34D, EV 96.9 MPH)
Batting: RHB Jim McMahon 0-0: SINGLE (Line Drive, 3D, EV 101.9 MPH)
Armando Cedeño to second
Runner from 2nd tries for 3rd, SAFE, no throw by RF
Pitching: RHP Dennis Wion
Batting: SHB Sean Reinhard 0-0: Foul Ball, location: 2F
0-1: Called Strike
0-2: Ball
1-2: Strikes out swinging
Batting: RHB Jim Herries 0-0: Called Strike
0-1: Ball
1-1: Called Strike
1-2: Ball
2-2: Fly out, F9 (Flyball, 9S, EV 85.0 MPH)
Top of the 6th over - 0 runs, 2 hits, 0 errors, 2 left on base; Yakima 3 - Biloxi 0
BOTTOM OF THE 6TH
Biloxi Shuckers batting - Pitching for Yakima Hops : LHP Mark Garrett
Batting: RHB Bobson Dugnutt 0-0: Foul Ball, location: 2F
0-1: Called Strike
0-2: DOUBLE (Line Drive, 89D, EV 115.0 MPH)
Batting: RHB Ed Roth 0-0: Called Strike
0-1: Fly out, F7 (Flyball, 7D, EV 100.0 MPH)
Batting: RHB Modesto Barreiro 0-0: Called Strike
0-1: Called Strike
0-2: Ball
1-2: Ball
2-2: Strikes out swinging
Batting: LHB Matsu Yoshida 0-0: Ground out U3 (Groundball, 3, EV 91.9 MPH)
Bottom of the 6th over - 0 runs, 1 hit, 0 errors, 1 left on base; Yakima 3 - Biloxi 0
TOP OF THE 7TH
Yakima Hops batting - Pitching for Biloxi Shuckers : RHP Dennis Wion
Batting: RHB Roger Campbell 0-0: Ball
1-0: Foul Ball, location: 2F
1-1: Ball
2-1: Ground out 6-3 (Groundball, 6, EV 91.2 MPH)
Batting: SHB Rafael Bregonzi 0-0: Ball
1-0: Ball
2-0: Called Strike
2-1: Foul Ball, location: 2F
2-2: Ball
3-2: Strikes out swinging
Batting: RHB Tony Hernández 0-0: Called Strike
0-1: Ball
1-1: Fly out, F3 (Popup, 3S, EV 73.8 MPH)
Top of the 7th over - 0 runs, 0 hits, 0 errors, 0 left on base; Yakima 3 - Biloxi 0
BOTTOM OF THE 7TH
Biloxi Shuckers batting - Pitching for Yakima Hops : LHP Mark Garrett
Batting: LHB Seb Blanch 0-0: Ground out 4-3 (Groundball, 34, EV 106.9 MPH)
Batting: RHB Jesús Capmany 0-0: SINGLE (Line Drive, 9LS, EV 92.5 MPH)
Batting: RHB Manuel Sy 0-0: Ball
1-0: Ball
2-0: Ball
3-0: Called Strike
3-1: Foul Ball, location: 2F
3-2: Strikes out looking
Batting: RHB Adam Jensson 0-0: Called Strike
0-1: 2-RUN HOME RUN (Flyball, 78XD, EV 95.0 MPH), Distance : 412 ft
Batting: RHB Arthur Cook 0-0: Ball
1-0: Called Strike
1-1: Swinging Strike
1-2: Foul Ball, location: 2F
1-2: Strikes out looking
Bottom of the 7th over - 2 runs, 2 hits, 0 errors, 0 left on base; Yakima 3 - Biloxi 2
TOP OF THE 8TH
Yakima Hops batting - Pitching for Biloxi Shuckers : RHP Dennis Wion
Batting: LHB Juan Arellano 0-0: Ball
1-0: Ball
2-0: Foul Ball, location: 2F
2-1: Ball
3-1: Base on Balls
Batting: RHB Cornelius Adkison 0-0: Called Strike
0-1: Ball
1-1: Ball
2-1: Called Strike
2-2: Ball
3-2: Strikes out looking
Batting: LHB Armando Cedeño 0-0: Ball
1-0: Fielders Choice at 2nd, 4-6 (Groundball, 4, EV 90.6 MPH)
Batting: RHB Jim McMahon 0-0: Ball
1-0: Ball
2-0: Fielders Choice at 2nd, 6-4 (Groundball, 6, EV 86.9 MPH)
Top of the 8th over - 0 runs, 0 hits, 0 errors, 1 left on base; Yakima 3 - Biloxi 2
BOTTOM OF THE 8TH
Biloxi Shuckers batting - Pitching for Yakima Hops : LHP Mark Garrett
Now at 1B: Jeromy Gride
Batting: RHB Bobson Dugnutt 0-0: Ball
1-0: Ball
2-0: Ball
3-0: Base on Balls
Pitching: RHP Bert Hollingsworth
Batting: RHB Ed Roth 0-0: Ball
1-0: Ball
2-0: Fielders Choice at 2nd, 6-4 (Groundball, 6, EV 80.6 MPH)
Batting: RHB Modesto Barreiro 0-0: Ball
1-0: Foul Ball, location: 2F
1-1: Called Strike
1-2: Foul Ball, location: 2F
1-2: Foul Ball, location: 2F
1-2: Foul Ball, location: 2F
1-2: SINGLE (Groundball, 6MD, EV 102.5 MPH)
Ed Roth to second
Batting: LHB Matsu Yoshida 0-0: Swinging Strike
0-1: Ball
1-1: Fly out, F8 (Flyball, 8LM, EV 93.8 MPH)
Batting: LHB Seb Blanch 0-0: Foul Ball, location: 2F
0-1: Foul Ball, location: 2F
0-2: Ball
1-2: SINGLE (Groundball, 3D, EV 106.9 MPH)
Ed Roth to third
Modesto Barreiro to second
Runner from 3rd tries for Home, SAFE, no throw by RF
Batting: RHB Jesús Capmany 0-0: Ball
1-0: Ball
2-0: Ball
3-0: Called Strike
3-1: Swinging Strike
3-2: Ground out 4-3 (Groundball, 4S, EV 88.1 MPH)
Bottom of the 8th over - 1 run, 2 hits, 0 errors, 2 left on base; Yakima 3 - Biloxi 3
TOP OF THE 9TH
Yakima Hops batting - Pitching for Biloxi Shuckers : RHP Dennis Wion
Batting: SHB Sean Reinhard 0-0: Ball
1-0: Fly out, F8 (Flyball, 8LS, EV 74.4 MPH)
Batting: RHB Jim Herries 0-0: Ball
1-0: Foul Ball, location: 2F
1-1: Swinging Strike
1-2: Ball
2-2: Strikes out swinging
Batting: RHB Roger Campbell 0-0: Called Strike
0-1: Foul Ball, location: 2F
0-2: Ball
1-2: Ball
2-2: Ball
3-2: Fly out, F6 (Popup, 6MD, EV 73.8 MPH)
Top of the 9th over - 0 runs, 0 hits, 0 errors, 0 left on base; Yakima 3 - Biloxi 3
BOTTOM OF THE 9TH
Biloxi Shuckers batting - Pitching for Yakima Hops : RHP Bert Hollingsworth
Pitching: RHP Marcos Salinas
Batting: RHB Manuel Sy 0-0: Ball
1-0: Ball
2-0: Foul Ball, location: 2F
2-1: Called Strike
2-2: Ball
3-2: SINGLE (Line Drive, 78M, EV 86.9 MPH)
Batting: RHB Adam Jensson 0-0: Called Strike
0-1: DOUBLE (Line Drive, 8LXD, EV 111.2 MPH)
Manuel Sy to third
Pinch Hitting: RHB Neville van Mierlo 0-0: Intentional Walk
Batting: RHB Bobson Dugnutt 0-0: Ball
1-0: Swinging Strike
1-1: Swinging Strike
1-2: Ball
2-2: Strikes out swinging
Pitching: RHP John Guerra
Batting: RHB Ed Roth 0-0: Ball
1-0: Foul Ball, location: 2F
1-1: Called Strike
1-2: Ball
2-2: Strikes out swinging
Batting: RHB Modesto Barreiro 0-0: Called Strike
0-1: Ball
1-1: Ball
2-1: Swinging Strike
2-2: Strikes out swinging
Bottom of the 9th over - 0 runs, 2 hits, 0 errors, 3 left on base; Yakima 3 - Biloxi 3
TOP OF THE 10TH
Yakima Hops batting - Pitching for Biloxi Shuckers : RHP Dennis Wion
Pitching: LHP António Moreno
Now at 3B: Zi-jing Eng
Batting: SHB Rafael Bregonzi 0-0: Ball
1-0: SINGLE (Groundball, 56S, EV 64.4 MPH) (infield hit)
Batting: RHB Tony Hernández 0-0: Called Strike
0-1: Ball
1-1: SINGLE (Groundball, 6MD, EV 97.5 MPH)
Rafael Bregonzi to second
Batting: RHB Jeromy Gride 0-0: Called Strike
0-1: Ball
1-1: Ball
2-1: Swinging Strike
2-2: Fly out, F7 (Flyball, 7S, EV 88.8 MPH)
Batting: RHB Cornelius Adkison 0-0: Called Strike
0-1: Ball
1-1: Swinging Strike
1-2: Reached on error, E7 (Flyball, 78M, EV 90.6 MPH)
Rafael Bregonzi to third
Tony Hernández to second
Pinch Hitting: RHB Marcos Avilés 0-0: Foul Ball, location: 2F
0-1: Foul Ball, location: 2F
0-2: Ball
1-2: Foul Ball, location: 2F
1-2: Ball
2-2: Strikes out swinging
Batting: RHB Jim McMahon 0-0: SINGLE (Groundball, 56D, EV 109.4 MPH)
Rafael Bregonzi scores
Tony Hernández to third
Cornelius Adkison to second
Runner from 3rd tries for Home, SAFE, throw by LF to home
Batting: SHB Sean Reinhard 0-0: Called Strike
0-1: Fly out, F8 (Flyball, 8LS, EV 78.8 MPH)
Top of the 10th over - 2 runs, 3 hits, 1 error, 2 left on base; Yakima 5 - Biloxi 3
BOTTOM OF THE 10TH
Biloxi Shuckers batting - Pitching for Yakima Hops : RHP John Guerra
Now in RF: Senichi Ito
Batting: LHB Matsu Yoshida 0-0: Ground out 5-3 (Groundball, 56S, EV 84.4 MPH)
Batting: LHB Seb Blanch 0-0: Ball
1-0: Ball
2-0: Foul Ball, location: 2F
2-1: Ball
3-1: Called Strike
3-2: Ground out U3 (Groundball, 3, EV 80.0 MPH)
Batting: RHB Jesús Capmany 0-0: Ball
1-0: Swinging Strike
1-1: Fly out, F4 (Popup, 34D, EV 43.1 MPH)
Bottom of the 10th over - 0 runs, 0 hits, 0 errors, 0 left on base; Yakima 5 - Biloxi 3
Thursday, January 23rd, 2020 - OOTP Baseball 20.8 Build 74